Map: Oxide LE

Players

INnoVation - Winner!

  • Race: Terran Terran
  • League: Master

Nice

  • Race: Protoss Protoss

Event: DreamHack SC2 Masters 2021 Summer

VOD

Have the link to the VOD?

Description

Time

  • Played on: July 2, 2021, 11:12 a.m.
  • Length: 14:21

All games in this series

Show
View Real Time Build Order
Export as new Build Order

INnoVation Terran - Winner!

Build Orders:  

Get SALT Encoding   

  12  0:00  SCV  
  13  0:12  SCV  
  14  0:17  Supply Depot  
  14  0:24  SCV  
  15  0:38  SCV  
  15  0:39  Barracks  
  16  0:43  Refinery  
  16  0:50  SCV  
  16  0:52  Refinery  
  17  1:03  SCV  
  18  1:07  Supply Depot  
  18  1:15  SCV  
  19  1:25  Reaper  
  19  1:28  Orbital Command  
  20  1:41  Factory  
  20  1:54  SCV  
  21  1:57  Reaper  
  22  2:06  SCV  
  23  2:15  Command Center  
  23  2:18  SCV  
  24  2:25  Hellion  
  26  2:30  Barracks Reactor, SCV  
  26  2:35  Supply Depot  
  27  2:43  Starport  
  27  2:45  SCV  
  27  2:51  Widow Mine  
  30  2:57  SCV  
  31  3:05  Marine x2  
  31  3:09  SCV  
  31  3:12  Widow Mine  
  36  3:19  Medivac  
  38  3:21  SCV  
  39  3:27  Marine x2  
  39  3:28  Orbital Command  
  39  3:34  SCV  
  42  3:35  Factory Tech Lab  
  42  3:42  Engineering Bay  
  42  3:46  Marine x2  
  42  3:48  SCV  
  44  3:58  Raven  
  44  3:59  Factory Tech Lab  
  45  4:03  Bunker  
  45  4:05  Marine x2  
  45  4:08  Supply Depot  
  47  4:11  Missile Turret  
  47  4:14  Missile Turret  
  47  4:22  Siege Tank  
  50  4:27  Marine x2  
  52  4:32  SCV  
  52  4:33  SCV  
  52  4:37  Supply Depot  
  54  4:44  SCV  
  54  4:45  SCV  
  56  4:46  Marine x2  
  58  4:54  Siege Tank  
  61  5:03  SCV x2, Barracks  
  61  5:05  Marine x2  
  65  5:08  Terran Infantry Weapons Level 1  
  65  5:09  Supply Depot  
  65  5:13  Starport Reactor  
  65  5:15  Refinery  
  65  5:17  SCV x2  
  67  5:23  Marine  
  67  5:24  Marine  
  69  5:32  Supply Depot  
  69  5:33  SCV x2, Barracks  
  71  5:37  Factory Reactor  
  71  5:41  Marine x2  
  71  5:45  SCV x2  
  71  5:51  Stimpack  
  71  5:52  Marine  
  71  5:56  Supply Depot  
  72  5:57  SCV x2  
  72  5:59  Marine x2  
  72  6:05  Medivac x2  
  72  6:09  SCV x2  
  74  6:13  Supply Depot  
  74  6:16  Marauder  
  74  6:17  Marine x2  
  78  6:21  SCV x2, Combat Shield  
  79  6:33  SCV x2  
  79  6:35  Refinery, Marine x2  
  79  6:36  Marauder, Supply Depot  
  79  6:37  Marauder  
  79  6:39  Supply Depot  
  89  6:40  Widow Mine x2  
  91  6:50  Command Center  
  91  6:51  SCV  
  91  6:52  SCV  
  93  7:02  Marauder x2, Marine x2, Medivac  
  93  7:05  SCV x2  
  93  7:06  Medivac  
  103  7:11  Supply Depot  
  103  7:20  Widow Mine x2  
  103  7:22  SCV x2, Barracks  
  107  7:24  Barracks  
  103  7:38  Marine x2  
  103  7:39  Marauder x2  
Show
View Real Time Build Order
Export as new Build Order

Nice Protoss 

Build Orders: 1 Gate Expand, Zealot Archon, Archon Drop, Dark Templar Rush 

Get SALT Encoding   

  12  0:00  Probe  
  13  0:12  Probe  
  14  0:18  Pylon  
  14  0:24  Probe (Chrono Boost)  
  15  0:38  Probe (Chrono Boost)  
  15  0:39  Gateway  
  16  0:43  Probe (Chrono Boost)  
  16  0:46  Assimilator  
  17  0:52  Probe  
  18  1:04  Probe  
  19  1:25  Cybernetics Core  
  19  1:32  Nexus  
  19  1:35  Pylon  
  19  1:41  Assimilator  
  19  1:42  Probe  
  20  1:54  Probe  
  20  1:59  Adept (Chrono Boost)  
  21  2:02  Warp Gate (Chrono Boost)  
  21  2:06  Probe  
  24  2:18  Probe (Chrono Boost)  
  24  2:19  Twilight Council  
  26  2:30  Probe (Chrono Boost)  
  26  2:36  Robotics Facility  
  26  2:37  Probe (Chrono Boost)  
  27  2:45  Probe (Chrono Boost)  
  27  2:50  Probe (Chrono Boost)  
  29  2:55  Probe (Chrono Boost)  
  31  2:58  Probe (Chrono Boost)  
  31  3:00  Probe (Chrono Boost)  
  31  3:04  Dark Shrine  
  32  3:09  Probe, Gateway  
  30  3:23  Gateway  
  30  3:29  Warp Prism  
  32  3:34  Probe x2  
  33  3:46  Probe, Stalker  
  33  3:50  Probe  
  33  4:02  Probe x2 (Chrono Boost)  
  35  4:12  Probe (Chrono Boost)  
  35  4:14  Probe (Chrono Boost), Stalker  
  35  4:15  Stalker  
  41  4:19  Dark Templar  
  41  4:22  Probe x2  
  45  4:35  Pylon  
  46  4:40  Probe  
  46  4:41  Pylon  
  46  4:53  Probe x2 (Chrono Boost), Observer  
  46  4:54  Dark Templar  
  48  5:04  Probe x2 (Chrono Boost)  
  50  5:07  Assimilator x2  
  50  5:08  Probe x2 (Chrono Boost)  
  52  5:19  Probe (Chrono Boost)  
  54  5:21  Probe (Chrono Boost)  
  54  5:28  Dark Templar  
  54  5:29  Archon  
  54  5:31  Probe (Chrono Boost)  
  54  5:33  Dark Templar  
  60  5:35  Probe (Chrono Boost)  
  60  5:36  Archon  
  60  5:37  Probe (Chrono Boost)  
  61  5:43  Probe  
  61  5:46  Probe  
  60  5:55  Probe  
  60  5:58  Probe  
  61  6:11  Templar Archives, Charge (Chrono Boost)  
  61  6:13  Pylon  
  61  6:14  Pylon  
  61  6:15  Gateway  
  61  6:18  Gateway  
  61  6:20  Gateway  
  61  6:32  Gateway  
  61  6:34  Gateway  
  61  6:35  Probe x2  
  63  6:40  Psionic Storm, Zealot x3  
  69  6:48  Pylon  
  68  7:08  High Templar  
  70  7:10  Nexus  
  70  7:11  Shield Battery  
  70  7:12  High Templar  
  72  7:16  Probe x2  
  74  7:27  High Templar  
  74  7:28  Zealot x4  
  65  7:41  Zealot x2  
Tags
 
Add a new tag
Caveats
  • Supply blocks, unpowered buildings, or Contaminate may cause inaccurate times.
  • Supply counts are checked every 10 seconds.